 Dungeon Crawl Stone Soup version 0.29.0 (webtiles) character file.

Game seed: 12769170427482640213

403 lyrin the Cutter (level 6, -2/47 HPs)
             Began as a Demonspawn Brigand on Sept 3, 2022.
             Shot with an arrow by a centaur (4 damage)
             ... on level 5 of the Dungeon.
             The game lasted 00:05:30 (5408 turns).

lyrin the Cutter (Demonspawn Brigand)               Turns: 5408, Time: 00:05:32

Health: -2/47      AC:  7    Str: 11    XL:     6   Next: 55%
Magic:  6/6        EV: 11    Int: 12    God:
Gold:   207        SH:  4    Dex: 17    Spells: 5/5 levels left

rFire   . . .      SeeInvis .   a - +2 dagger
rCold   + . .      Faith    .   (no shield)
rNeg    . . .      Spirit   .   y - +1 ring mail {rC+}
rPois   .          Reflect  .   (no helmet)
rElec   .          Harm     .   c - +0 cloak
rCorr   .          Rampage  .   (no gloves)
Will    .....                   (no boots)
Stlth   ++........              (no amulet)
HPRegen 0.15/turn               (no ring)
MPRegen 0.20/turn               (no ring)

@: no status effects
A: large bone plates 1, ignite blood 1, magic regeneration
a: no special abilities


You were on level 5 of the Dungeon.
You visited 1 branch of the dungeon, and saw 5 of its levels.

You collected 207 gold pieces.

Inventory:

Hand Weapons
 a - a +2 dagger (weapon)
 i - a +0 dagger of venom
Missiles
 d - 14 poisoned darts
 e - 2 curare-tipped darts (quivered)
Armour
 c - a +0 cloak (worn)
 y - a +1 ring mail of cold resistance (worn)
Wands
 u - a wand of flame (18)
Scrolls
 b - a scroll of immolation {unknown}
 f - 5 scrolls of teleportation {unknown}
 h - 2 scrolls of fear {unknown}
 j - 2 scrolls of enchant weapon {unknown}
 k - a scroll of vulnerability {unknown}
 l - a scroll of fog {unknown}
 m - 4 scrolls of identify {unknown}
 n - a scroll of noise {unknown}
 o - a scroll of blinking {unknown}
 p - 2 scrolls of magic mapping {unknown}
 r - a scroll of poison {unknown}
 v - a scroll of brand weapon {unknown}
Potions
 g - a potion of lignification {unknown}
 q - a potion of ambrosia {unknown}
 s - 2 potions of attraction {unknown}
 t - a potion of curing {unknown}
 w - a potion of flight {unknown}
 x - a potion of mutation {unknown}
 z - a potion of might {unknown}
 A - a potion of resistance {unknown}


   Skills:
 + Level 3.4 Fighting
 + Level 3.7 Short Blades
 - Level 1.7 Throwing
 + Level 3.1 Armour
 + Level 2.5 Dodging
 - Level 3.6 Stealth
 + Level 1.0 Shields


You had 5 spell levels left.
You didn't know any spells.
Your spell library was empty.

Dungeon Overview and Level Annotations

Branches:
Dungeon (5/15)
 Temple: D:4-7

Altars:
Cheibriados

Shops:
D:4 (

Annotations:
D:3 2 transporters, Klapaucius's ghost, amateur DsFE


Innate Abilities, Weirdness & Mutations

You are partially covered in large bone plates. (SH +4)
Your demonic aura sometimes causes spilled blood to erupt in flames.
You regenerate magic rapidly.


Message History

The centaur kicks you but does no damage.
You barely miss the centaur.
The centaur is severely wounded.
The centaur hits you. You block the centaur's attack.
The dart slug launches a dart at you. The slug dart misses you.
You hit the centaur.
The centaur is severely wounded.
The centaur hits you. You block the centaur's attack.
You hit the centaur but do no damage.
The centaur is severely wounded.
The centaur hits you. The centaur barely misses you.
The dart slug barely misses you.
The centaur wields a +0 shortbow.
The centaur shoots an arrow.
The arrow hits you.
The centaur shoots an arrow.
The arrow hits you.
* * * LOW HITPOINT WARNING * * *
You see here 4 stones.
The centaur shoots an arrow.
The arrow hits you.
* * * LOW HITPOINT WARNING * * *
The centaur shoots an arrow.
You block the arrow. The dart slug launches a dart at you.
The slug dart hits you.
* * * LOW HITPOINT WARNING * * *
The centaur shoots an arrow.
The arrow hits you!
* * * LOW HITPOINT WARNING * * *
The centaur shoots an arrow.
You block the arrow.
Okay, then.
Throw: 3 darts (curare)
Press: ? - help, Q - select action, (/) - cycle Shift-Dir - straight line, f - centaur
Aim: a centaur, wielding a +0 shortbow (severely wounded, 71% to hit)
You throw a curare-tipped dart.
The curare-tipped dart hits the centaur.
The centaur is poisoned.
The centaur convulses.
The centaur seems to slow down.
The centaur is severely wounded.
Aiming: Throw Flame
Press: ? - help, Shift-Dir - straight line, f/p - centaur
Aim: a centaur, wielding a +0 shortbow (severely wounded, very poisoned, slow, 81% to hit)
The puff of flame misses the centaur.
The centaur shoots an arrow.
The arrow hits you.
You die...

## # #. #######.## ######.
#<.......# .......#######
####.#####
#....wc(...########........
#..##.####c#........####.##
... #Y#....#..#.#.#.# # .
..#c####.#.#..#.#
.###...@.......#.# ##
###############


You could see a centaur (very poisoned, slow).

Vanquished Creatures
  2 scorpions
  A jelly (D:3)
  3 iguanas (D:4)
  An orc wizard (D:4)
  8 adders
  2 dart slugs (D:1)
  5 orcs
  3 ball pythons
  3 endoplasms
  2 giant cockroaches
  8 goblins
  8 hobgoblins
  4 jackals (D:3)
  9 kobolds
  7 quokkas
  6 bats
  4 frilled lizards
  3 rats (D:1)
79 creatures vanquished.

Notes
Turn   | Place    | Note
-------+----------+-------------------------------------------
     0 | D:1      | lyrin the Demonspawn Brigand began the quest for the Orb.
     0 | D:1      | Reached XP level 1. HP: 16/16 MP: 1/1
   503 | D:1      | Reached skill level 1 in Dodging
   550 | D:1      | Found a faded altar of an unknown god.
   553 | D:1      | Gained mutation: You regenerate magic rapidly. [demonic
                  | ancestry]
   553 | D:1      | Reached XP level 2. HP: 23/23 MP: 2/2
  1395 | D:2      | Reached skill level 1 in Armour
  1395 | D:2      | Gained mutation: You are partially covered in large bone
                  | plates. (SH +4) [demonic ancestry]
  1395 | D:2      | Reached XP level 3. HP: 28/28 MP: 3/3
  1806 | D:2      | Reached XP level 4. HP: 33/34 MP: 4/4
  2512 | D:3      | Found a transporter.
  2513 | D:3      | Noticed Klapaucius's ghost (amateur DsFE)
  2514 | D:3      | Found a transporter.
  3116 | D:3      | Gained mutation: Your demonic aura sometimes causes spilled
                  | blood to erupt in flames. [demonic ancestry]
  3116 | D:3      | Reached XP level 5. HP: 41/41 MP: 5/5
  3587 | D:4      | Found Kemet's Weapon Emporium.
  4018 | D:4      | Reached XP level 6. HP: 37/47 MP: 6/6
  4338 | D:4      | Found a snail-covered altar of Cheibriados.
  4424 | D:4      | Identified the +6 long sword of Internal Strife {holy,
                  | *Corrode rC+ Will++}
  4610 | D:5      | Entered Level 5 of the Dungeon
  5149 | D:5      | Reached skill level 1 in Shields
  5381 | D:5      | Noticed an ice beast
  5399 | D:5      | HP: 1/47 [centaur/arrow (7)]
  5408 | D:5      | Shot with an arrow by a centaur

Illustrated notes

Levels and vault maps discovered:
D:1:      dpeg_arrival_boxes_within_box, layout_basic,
          hellmonk_ecumenical_altar_arch_garden
D:2:      layout_loops_cross, serial_glass, glass_columns_a, glass_columns_b,
          minmay_pentomino_o4
D:3:      layout_basic, gammafunk_ghost_arena
D:4:      layout_rooms, lemuel_tele_altar, serial_shops,
          nicolae_shop_bloodbath_and_beyond, st_stairs_10, kennysheep_boxes
D:5:      minmay_thinvault, layout_basic, dancing_weapons_uskayaw,
          temple_statues, minmay_joined_circles

Skill      XL: |  1  2  3  4  5  6 |
---------------+-------------------+-----
Short Blades   | 2 3 |  3.7
Dodging        | 1 2 |  2.5
Armour         | 1 2 3 |  3.1
Fighting       | 3 |  3.4
Shields        | 1 |  1.0
Throwing       | |  1.7
Stealth        | |  3.6

Action                   |  1- 3 |  4- 6 || total
-------------------------+-------+-------++-------
Melee: Dagger            |   116 |   263 ||   379
       Punch             |     5 |     3 ||     8
Throw: Dart              |       |     2 ||     2
Evoke: Wand              |       |     1 ||     1
 Stab: Sleeping          |     3 |     4 ||     7
Armor: Ring mail         |    38 |    97 ||   135
Dodge: Dodged            |    49 |   136 ||   185
Block: Other             |     9 |    47 ||    56
